 Dungeon Crawl Stone Soup version 0.31.0-11-ge490571c62 (webtiles) character file.

Game seed: 16551244186915742768

18 Gadfly the Ruffian (level 2, -1/21 HPs)
             Began as a Demonspawn Shapeshifter on Jan 27, 2024.
             Slain by a ball python (2 damage)
             ... on level 1 of the Dungeon.
             The game lasted 00:00:48 (415 turns).

Gadfly the Ruffian (Demonspawn Shapeshifter)         Turns: 415, Time: 00:00:49

Health: -1/21      AC:  2    Str: 14    XL:     2   Next: 48%
Magic:  2/2        EV: 12    Int: 10    God:
Gold:   32         SH:  4    Dex: 12    Spells: 1/1 levels left

rFire   . .          .
                       - Unarmed
rCold   . . .        (no shield)
rNeg    . . .        a - +0 animal skin
rPois   .            (helmet currently unavailable)
rElec   .            (cloak currently unavailable)
rCorr   .            k - melded +0 pair of gloves
SInv    .            (boots currently unavailable)
Will    .....        (no amulet)
Stlth   +            (no ring)
HPRegen 0.23/turn    (no ring)
MPRegen 0.08/turn

%: no passive effects
@: beast-form
A: beast (slay +1), condensation shield
a: Begin Untransformation


You were on level 1 of the Dungeon.
You were a hulking beast.
You visited 1 branch of the dungeon, and saw 1 of its levels.

You collected 32 gold pieces.

Inventory:

Armour
 a - a +0 animal skin (worn)
 k - a +0 pair of gloves (melded)
Jewellery
 g - a ring of wizardry
Talismans
 c - a beast talisman (active)
 d - a flux talisman
Scrolls
 e - a scroll of identify {unknown}
 i - a scroll of teleportation {unknown}
Potions
 b - a potion of lignification
 f - a potion of curing {unknown}
 h - a potion of might {unknown}
 j - a potion of resistance {unknown}


   Skills:
 + Level 1.3 Fighting
 * Level 2.1 Dodging
 + Level 2.8 Unarmed Combat
 * Level 0.9 Evocations
 + Level 2.8 Shapeshifting


You had one spell level left.
You didn't know any spells.
Your spell library was empty.

Dungeon Overview and Level Annotations

Branches:
Dungeon (1/15)

Altars:


Innate Abilities, Weirdness & Mutations

You are a hulking beast.
Your limbs bulge with bestial killing power. (Slay +1)
A meltable shield of frost defends you. (SH +4)


Message History

You hit the jackal but do no damage.
The jackal is heavily wounded.
The jackal bites you but does no damage.
You punch the jackal!
You kill the jackal!
You hit the jackal.
The jackal is lightly wounded.
The jackal closely misses you. The jackal barely misses you.
You hit the jackal.
The jackal is moderately wounded.
A jackal comes into view.
The jackal bites you.
The jackal barks!
You hit the jackal but do no damage.
The jackal is moderately wounded.
You block the jackal's attack.
You hit the jackal.
The jackal is severely wounded.
The jackal bites you.
* * * LOW HITPOINT WARNING * * *
The jackal completely misses you.
You closely miss the jackal.
The jackal is severely wounded.
The jackal bites you but does no damage.
You closely miss the jackal.
The jackal is severely wounded.
You block the jackal's attack. The jackal bites you.
* * * LOW HITPOINT WARNING * * *
You closely miss the jackal.
The jackal is severely wounded.
The jackal bites you.
* * * LOW HITPOINT WARNING * * *
You hit the jackal but do no damage. Your punch misses the jackal.
The jackal is severely wounded.
The jackal bites you.
* * * LOW HITPOINT WARNING * * *
You hit the jackal.
You kill the jackal!
The ball python bites you.
You die...

.......J...............)#
#.......)....####......#
#......J......###......##
#........####...........##
#.....hhK# ###.........
##...##.## ######...# ###.#..#
######.....###
#.#h######......####... ####
##..hKSh....####...#####
...#######....####.### ##..'.##.
...##......#.## #..#####...##..#
...#..######.# ##.........#####
>.....# #.# ######.#..# # ......#
#.# #........# ## .....## #.#
###...##...####.
...)########.#####....###...##...
....##........#.......##....#.###


You could see 2 jackals, a ball python and a kobold.

Vanquished Creatures
  A gnoll (D:1)
  A ball python (D:1)
  2 jackals (D:1)
  A bat (D:1)
  4 kobolds (D:1)
9 creatures vanquished.

Notes
Turn   | Place    | Note
-------+----------+-------------------------------------------
     0 | D:1      | Gadfly the Demonspawn Shapeshifter began the quest for the
                  | Orb.
     0 | D:1      | Reached XP level 1. HP: 15/15 MP: 1/1
   394 | D:1      | Gained mutation: A meltable shield of frost defends you.
                  | (SH +4) [demonic ancestry]
   394 | D:1      | Reached XP level 2. HP: 11/21 MP: 2/2
   414 | D:1      | HP: 1/21 [jackal (3)]
   415 | D:1      | Slain by a ball python

Illustrated notes

Levels and vault maps discovered:
D:1:      dpeg_arrival_round_a, layout_rooms

Skill      XL: |  1 |
---------------+----+-----
Dodging        | 2 |  2.1
Fighting       | |  1.3
Unarmed Combat | |  2.8
Evocations     | |  0.9
Shapeshifting  | |  2.8

Action                     || total
---------------------------++-------
  Melee: Unarmed           ||    44
Ability: Begin Untransform ||     1
 Armour: Animal skin       ||    32
  Dodge: Dodged            ||    38
  Block: Other             ||     4
   Form: Beast             ||     1
